AoeStats
← WinterFox

Black Forest

510676703Analyzed
3v3 RM · 15h ago on Oct 2, 2026· 55m 30s· 6 players
Game mode
Random Map
Map size
Normal (6 player)
Population
200
Speed
Normal
Resources
Standard
Victory
Conquest
Starting age
Dark Age
Ending age
Imperial Age
RankedLock teamsTeams togetherTeam positionsShared explorationLock speedFull tech treeHidden civsTurbo modeCheats
Victory
Defeat
🇨🇦 Lithuanians · Canada
1092
+7
🇵🇦 Chinese · Panama
878
+15
🇸🇻 Celts · El Salvador
829
+17
🇩🇰 Varangians · Denmark
987
-19
🇺🇸 Lithuanians · United States
878
-13
🇩🇰 Vietnamese · Denmark
710
-9
jkjunkmailreader
0:29 Loom
15:53 Feudal Age
16:28 Double-Bit Axe
16:28 Horse Collar
26:04 Castle Age
24:47 Stone Mining
24:48 Gold Mining
26:55 Bow Saw
26:49 Heavy Plow
29:28 Stone Shaft Mining
37:20 Imperial Age
36:11 Husbandry
35:33 Pikeman
36:19 Squires
37:08 Wheelbarrow
36:41 Fletching
37:40 Bloodlines
37:31 Bodkin Arrow
38:13 Bracer
39:06 Hand Cart
40:13 Chemistry
39:56 Forging
39:52 Scale Barding Armor
41:23 Two-Man Saw
40:06 Halberdier
43:10 Scale Mail Armor
43:46 Iron Casting
43:32 Chain Barding Armor
43:21 Arson
44:08 Town Watch
46:05 Fortified Wall
45:51 Murder Holes
45:36 Treadmill Crane
46:07 Masonry
47:33 Chain Mail Armor
52:24 Ballistics
WinterFox
10:34 Feudal Age
9:46 Loom
11:01 Double-Bit Axe
10:38 Man-at-Arms
18:22 Arson
20:53 Horse Collar
24:45 Castle Age
23:51 Wheelbarrow
23:01 Town Watch
24:47 Stone Mining
26:37 Hand Cart
25:45 Long Swordsman
26:25 Squires
26:39 Forging
26:31 Scale Mail Armor
30:49 Iron Casting
32:13 Heavy Plow
32:34 Bow Saw
32:16 Gold Mining
32:36 Pikeman
34:38 Town Patrol
34:44 Padded Archer Armor
36:12 Chatras
36:27 Crossbowman
36:28 Elite Skirmisher
37:26 Leather Archer Armor
37:02 Fletching
37:18 Scale Barding Armor
37:29 Chain Mail Armor
37:31 Thumb Ring
39:48 Husbandry
39:58 Bloodlines
39:09 Light Cavalry
40:35 Stone Shaft Mining
45:20 Imperial Age
UncGaming
1:51 Loom
13:34 Feudal Age
14:19 Man-at-Arms
17:08 Bloodlines
18:30 Double-Bit Axe
19:22 Horse Collar
23:23 Arson
32:09 Castle Age
34:46 Gambesons
35:29 Heavy Plow
35:41 Bow Saw
36:19 Scale Barding Armor
36:25 Forging
Are you hydrated?
0:35 Loom
15:57 Feudal Age
16:34 Double-Bit Axe
21:32 Castle Age
19:39 Horse Collar
23:32 Bow Saw
28:28 Wheelbarrow
28:06 Heavy Plow
31:41 Gold Mining
31:44 Stone Mining
32:55 Hand Cart
33:20 Scale Barding Armor
37:15 Imperial Age
36:29 Bloodlines
36:22 Husbandry
36:44 Chain Barding Armor
36:35 Forging
37:20 Onager
37:22 Cavalier
38:43 Plate Barding Armor
38:49 Stone Shaft Mining
39:16 Chemistry
39:19 Two-Man Saw
38:57 Crop Rotation
39:06 Paladin
40:05 Light Cavalry
41:10 Winged Hussar
43:55 Iron Casting
diegoalvarios
11:40 Feudal Age
12:59 Loom
13:51 Wheelbarrow
13:01 Town Watch
13:25 Double-Bit Axe
21:32 Castle Age
20:37 Scale Mail Armor
20:47 Forging
25:29 Stone Mining
36:46 Gold Mining
37:31 Stone Shaft Mining
37:00 Horse Collar
40:18 Hand Cart
40:04 Town Patrol
45:50 Imperial Age
PlasteredPlace01
0:33 Loom
12:33 Feudal Age
17:29 Arson
18:28 Man-at-Arms
31:24 Castle Age
34:01 Gold Mining
36:18 Fletching
39:04 Ballistics
47:15 Imperial Age
45:46 Double-Bit Axe
48:09 Wheelbarrow
47:21 Town Watch
48:12 Bow Saw
49:24 Gold Shaft Mining
52:06 Bodkin Arrow
53:00 Conscription
53:07 Hand Cart
Connection lost

Rejoining the realm…

Still unreachable

The connection could not be restored.

Session expired

The server has moved on; the page needs a fresh start.